 Dungeon Crawl Stone Soup version 0.29-a0-330-g52719c12eb (webtiles) character file.

Game seed: 4852135504272843338

57 Pichade the Ruffian (level 3, -1/35 HPs)
             Began as a Troll Gladiator on Apr 29, 2022.
             Slain by an adder (2 damage)
             ... on level 6 of the Dungeon.
             The game lasted 00:13:55 (1185 turns).

Pichade the Ruffian (Troll Gladiator)               Turns: 1185, Time: 00:13:56

Health: -1/35      AC:  4    Str: 24    XL:     3   Next: 73%
Magic:  2/2        EV: 10    Int:  4    God:
Gold:   17         SH:  0    Dex: 11    Spells: 2/2 levels left

rFire   . . .      SeeInvis .   q - +0 mace
rCold   . . .      Faith    .   (no shield)
rNeg    . . .      Spirit   .   a - +0 robe
rPois   .          Reflect  .   b - +0 hat
rElec   .          Harm     .   (no cloak)
rCorr   .          Rampage  .   (gloves unavailable)
Will    .....                   (boots unavailable)
Stlth   +.........              (no amulet)
HPRegen 0.91/turn               (no ring)
MPRegen 0.08/turn               (no ring)

@: lethally poisoned (-1 -> -3)
A: large, unfitting armour, claws 3, regeneration 1, shaggy fur 1, tough skin 1
a: no special abilities


You were on level 6 of the Dungeon.
You visited 1 branch of the dungeon, and saw 5 of its levels.

You collected 47 gold pieces.
You spent 30 gold pieces at shops.

Inventory:

Hand Weapons
 p - a +0 rapier
 q - a +0 mace (weapon)
Missiles
 c - 3 throwing nets (quivered)
 d - a large rock
 t - 5 boomerangs
Armour
 a - a +0 robe (worn)
 b - a +0 hat (worn)
 k - the +2 leather armour "Fuyzuwak" {Str+6}
   (You found it on level 2 of the Dungeon)

   Str:       It affects your strength (+6).
 r - a +0 buckler
Scrolls
 i - a scroll of amnesia {unknown}
 j - a scroll of silence {unknown}
 l - 5 scrolls of identify {unknown}
 m - 2 scrolls of enchant armour {unknown}
 n - a scroll of enchant weapon {unknown}
 s - a scroll of torment {unknown}
Potions
 e - a potion of brilliance {unknown}
 f - a potion of lignification {unknown}
 g - a potion of attraction {unknown}
 h - 2 potions of curing {unknown}
 o - 2 potions of heal wounds {unknown}


   Skills:
 + Level 1.7 Fighting
 + Level 0.2 Maces & Flails
 + Level 2.0 Throwing
 + Level 2.9 Dodging
 + Level 3.9 Unarmed Combat


You had 2 spell levels left.
You didn't know any spells.
Your spell library was empty.

Dungeon Overview and Level Annotations

Branches:
Dungeon (7/15)
 Temple: D:4-7

Altars:

Shops:
D:2 (([


Innate Abilities, Weirdness & Mutations

You are too large for most types of armour.
You have claws for hands.
Your natural rate of healing is unusually fast.
You are covered in fur. (AC +1)
You have tough skin. (AC +1)


Message History

The adder bites you but does no damage.
The water moccasin hisses angrily.
You hit the adder.
The adder is heavily wounded.
The adder closely misses you. The hound misses you.
The adder barely misses you.
You barely miss the adder.
The adder is heavily wounded.
The water moccasin bites you. The hound bites you but does no damage.
The water moccasin bites you but does no damage.
The adder bites you.
You are poisoned.
The adder poisons you! The hound bites you but does no damage.
You hit the adder but do no damage.
The adder is heavily wounded.
You feel sick. The water moccasin bites you. The adder closely misses you.
The hound barely misses you. The adder closely misses you.
The hound bites you but does no damage.
You feel sick. The hound barely misses you.
The water moccasin bites you but does no damage.
There is a stone staircase leading down here.
You feel sick.
You are no longer poisoned.
The water moccasin bites you.
You are poisoned.
The water moccasin poisons you! The hound completely misses you.
The water moccasin barely misses you. The water moccasin misses you.
You climb downwards.
You feel very sick.
Found a stone staircase leading down.
There is a stone staircase leading up here.
You feel very sick. The hound closely misses you. The hound bites you.
* * * LOW HITPOINT WARNING * * *
The ogre misses you.
You climb upwards.
* * * LOW HITPOINT WARNING * * *
You feel very sick. The adder bites you but does no damage.
The adder bites you.
You die...

########
#.OS...###.#
#..@....[...
#..h........
#...........
#...........
#...........
#...........
#...........
#...........
#...........


You could see an ogre, a hound and an adder.

Vanquished Creatures
  2 dart slugs (D:1)
  6 endoplasms
  3 giant cockroaches
  4 goblins
  6 hobgoblins
  3 jackals (D:2)
  3 kobolds
  3 quokkas
  7 ball pythons
  A bat (D:1)
  4 frilled lizards (D:1)
  5 rats
47 creatures vanquished.

Notes
Turn   | Place    | Note
-------+----------+-------------------------------------------
     0 | D:1      | Pichade the Troll Gladiator began the quest for the Orb.
     0 | D:1      | Reached XP level 1. HP: 19/19 MP: 0/0
    80 | D:1      | Reached XP level 2. HP: 27/27 MP: 1/1
   324 | D:1      | Found a faded altar of an unknown god.
   329 | D:1      | Reached XP level 3. HP: 35/35 MP: 2/2
   517 | D:2      | Identified the +2 leather armour "Fuyzuwak" {Str+6}
   551 | D:2      | Found Erulac's Weapon Shop.
   595 | D:2      | Bought a +0 mace for 30 gold pieces
   687 | D:2      | Found Fyuj's Antique Weapon Boutique.
   730 | D:2      | Found Optul's Antique Armour Emporium.
  1173 | D:3      | You fall into a shaft and drop 3 floors!
  1175 | D:6      | Noticed a water moccasin
  1177 | D:6      | Noticed a water moccasin
  1183 | D:7      | Noticed an ogre
  1185 | D:6      | HP: 1/35 [poisoned by a water moccasin]
  1185 | D:6      | Slain by an adder

Illustrated notes

Levels and vault maps discovered:
D:1:      dpeg_arrival_pits, layout_loops_ring, ebering_ecumenical_altar_box,
          serial_bayou_pond_e, columned_hall_lemuel, minmay_tetromino_o2
D:2:      layout_loops_ring, serial_shops, shop_statue, nicolae_shop_crystal,
          nicolae_shop_bloodbath_and_beyond
D:3:      layout_basic, uniq_robin
D:6:      layout_cave_pods, serial_bayou_pond_c, uniq_pikel, uniq_maggie
D:7:      layout_loops_ring, palyth_temple_overflow_mages,
          mainiacjoe_overflow_catwalk, grunt_ogre_cave, uniq_prince_ribbit1

Skill      XL: |  1  2 |
---------------+-------+-----
Throwing       | 2 |  2.0
Fighting       | |  1.7
Maces & Flails | |  0.2
Dodging        | |  2.9
Unarmed Combat | |  3.9

Action                   || total
-------------------------++-------
Melee: Unarmed           ||    82
       Punch             ||     2
       Mace              ||    39
 Stab: Sleeping          ||     1
Armor: Robe              ||    49
Dodge: Dodged            ||    68

Table legend: (Time is in decaauts)
 A = Elapsed time spent in this place.
 B = Non-inter-level travel time spent in this place.
 C = Inter-level travel time spent in this place.
 D = Time resting spent in this place.
 E = Time spent auto-exploring this place.
 F = Levels seen in this place.
 G = Mean time per level.
                   A        B        C        D        E       F      G
               +--------+--------+--------+--------+--------+-----+--------+
         Total |   1194 |    328 |    866 |      0 |      0 |   5 |  238.8 |
       Dungeon |   1194 |    328 |    866 |      0 |      0 |   5 |  238.8 |
               +--------+--------+--------+--------+--------+-----+--------+

Top non-repeatable levels by time:
     D:2: 633 daAuts
     D:1: 487 daAuts
     D:3: 59 daAuts
     D:6: 12 daAuts
     D:7: 1 daAuts
